AoeStats
← calvindukelb

Arena

510200512Analyzed
3v3 RM · 1d ago on Sep 29, 2026· 53m 55s· 6 players
Game mode
Random Map
Map size
Normal (6 player)
Population
200
Speed
Normal
Resources
Standard
Victory
Conquest
Starting age
Dark Age
Ending age
Imperial Age
RankedLock teamsTeams togetherTeam positionsShared explorationLock speedFull tech treeHidden civsTurbo modeCheats
Victory
Defeat
🇲🇽 Burgundians · Mexico
706
+29
🇲🇽 Khmer · Mexico
649
+14
🇲🇽 Italians · Mexico
591
+30
🇩🇪 Turks · Germany
708
-49
🇩🇪 Romans · Germany
586
-13
🇩🇪 Franks · Germany
498
-10
VoicingBasket46
11:01 Feudal Age
15:37 Castle Age
14:11 Horse Collar
14:29 Double-Bit Axe
18:30 Wheelbarrow
18:57 Heavy Plow
21:12 Bow Saw
22:18 Gold Mining
24:42 Hand Cart
27:38 Padded Archer Armor
27:29 Fletching
28:48 Silk Road
32:25 Imperial Age
31:04 Thumb Ring
30:52 Fletching
31:18 Leather Archer Armor
31:27 Caravan
31:57 Coinage
33:06 Ballistics
32:46 Bodkin Arrow
33:56 Pirotechnia
34:06 Conscription
34:51 Chemistry
33:33 Treadmill Crane
34:27 Crop Rotation
35:00 Two-Man Saw
34:38 Ring Archer Armor
34:09 Bracer
34:51 Guilds
34:58 Stone Mining
36:20 Bracer
38:03 Banking
37:46 Masonry
37:55 Masonry
38:53 Stone Shaft Mining
Coso Azul
11:49 Feudal Age
15:44 Castle Age
22:10 Double-Bit Axe
24:11 Horse Collar
24:24 Gold Mining
24:32 Stone Mining
28:08 Fortified Wall
28:21 Loom
29:12 Wheelbarrow
28:24 Town Watch
31:13 Imperial Age
29:18 Ballistics
30:28 Hand Cart
30:14 Town Patrol
32:21 Double Crossbow
33:14 Bow Saw
34:56 Chemistry
34:24 Heavy Plow
34:46 Heavy Scorpion
36:42 Bloodlines
36:34 Husbandry
35:57 Elite Battle Elephant
38:12 Siege Engineers
41:12 Gold Shaft Mining
41:15 Stone Shaft Mining
41:55 Scale Barding Armor
48:09 Tusk Swords
48:30 Conscription
Donpepe3000
11:57 Feudal Age
12:12 Double-Bit Axe
12:31 Horse Collar
14:15 Heavy Plow
17:54 Castle Age
17:48 Bow Saw
19:26 Gold Mining
19:27 Stone Mining
20:39 Two-Man Saw
21:13 Wheelbarrow
20:43 Loom
20:44 Town Watch
22:50 Hand Cart
23:50 Pikeman
24:33 Squires
24:18 Arson
25:09 Forging
26:31 Stone Shaft Mining
26:33 Gold Shaft Mining
26:29 Town Patrol
28:43 Caravan
30:23 Iron Casting
30:13 Burgundian Vineyards
31:42 Treadmill Crane
34:36 Imperial Age
32:53 Scale Mail Armor
33:53 Chain Mail Armor
33:48 Scale Barding Armor
34:59 Guilds
35:20 Coinage
36:00 Halberdier
38:40 Crop Rotation
39:16 Chemistry
38:10 Cavalier
40:43 Banking
40:20 Husbandry
40:45 Paladin
43:32 Blast Furnace
43:05 Plate Mail Armor
42:58 Chain Barding Armor
48:34 Conscription
48:50 Hoardings
47:46 Sappers
zLxgends-
14:49 Feudal Age
17:32 Wheelbarrow
16:51 Gold Mining
16:55 Stone Mining
16:55 Double-Bit Axe
24:38 Castle Age
27:33 Hand Cart
27:38 Caravan
28:14 Coinage
28:50 Scale Barding Armor
29:22 Bow Saw
29:56 Gold Shaft Mining
31:03 Bow Saw
32:25 Husbandry
35:23 Imperial Age
37:09 Chain Barding Armor
37:04 Forging
37:19 Masonry
37:28 Cavalier
39:30 Ballistics
41:04 Paladin
42:46 Banking
G!N0 C@$!N0
4:26 Loom
11:13 Feudal Age
11:56 Double-Bit Axe
12:12 Gold Mining
12:06 Horse Collar
12:52 Stone Mining
16:07 Wheelbarrow
20:59 Castle Age
22:24 Caravan
23:14 Gold Shaft Mining
22:53 Bow Saw
26:41 Hand Cart
26:14 Loom
26:45 Heavy Plow
29:19 Ballistics
30:52 Murder Holes
33:31 Imperial Age
32:04 Ballistas
32:04 Fletching
32:28 Bloodlines
32:18 Husbandry
34:45 Conscription
34:46 Comitatenses
34:34 Siege Engineers
35:29 Chemistry
35:25 Fervor
34:54 Man-at-Arms
34:54 Pikeman
35:35 Squires
36:45 Heavy Scorpion
36:46 Capped Ram
38:48 Long Swordsman
38:48 Halberdier
38:50 Siege Ram
47:47 Cavalier
51:34 Legionary
calvindukelb
21:30 Feudal Age
24:56 Horse Collar
25:10 Double-Bit Axe
25:22 Gold Mining
25:23 Stone Mining
25:22 Man-at-Arms
37:18 Castle Age
41:21 Long Swordsman
42:03 Squires
Connection lost

Rejoining the realm…

Still unreachable

The connection could not be restored.

Session expired

The server has moved on; the page needs a fresh start.